 Dungeon Crawl Stone Soup version 0.30-a0-989-g0d87f670db (webtiles) character file.

Game seed: 46077298691541743

346 jtron the Stinger (level 6, -3/47 HPs)
             Began as a Demonspawn Venom Mage on Apr 3, 2023.
             Was an Initiate of Hepliaklqana.
             Slain by an iguana (5 damage)
             ... on level 4 of the Dungeon.
             The game lasted 00:11:41 (4488 turns).

jtron the Stinger (Demonspawn Venom Mage)           Turns: 4488, Time: 00:11:41

Health: -3/47      AC:  4    Str: 13    XL:     6   Next: 32%
Magic:  11/11      EV: 12    Int: 23    God:    Hepliaklqana [......]
Gold:   167        SH:  0    Dex: 12    Spells: 8/12 levels left

rFire   + . .      SeeInvis .    a - +0 dagger (spect)
rCold   . . .      Faith    .    (no shield)
rNeg    . . .      Spirit   .    t - +1 robe
rPois   .          Reflect  .    (no helmet)
rElec   .          Rampage  .    g - scarf {rC+ rF+}
rCorr   .                        (no gloves)
Will    .....                    (no boots)
Stlth   ++                       (no amulet)
HPRegen 0.27/turn                s - +6 ring of intelligence
MPRegen 0.12/turn                (no ring)

@: no status effects
A: claws 1, rugged brown scales 1, strong 1, cold vulnerability 1
a: Renounce Religion


You were on level 4 of the Dungeon.
You worshipped Hepliaklqana.
Hepliaklqana was noncommittal.
You visited 2 branches of the dungeon, and saw 6 of its levels.

You collected 167 gold pieces.

Inventory:

Hand Weapons
 a - a +0 spectral dagger (weapon)
 d - a +0 club
Missiles
 i - 3 curare-tipped darts
 p - 31 stones (quivered)
Armour
 e - a +0 robe
 f - a +0 cloak
 g - a scarf of resistance (worn)
 t - a +1 robe (worn)
Jewellery
 c - a ring of fire
 h - a +6 ring of dexterity
 s - a +6 ring of intelligence (left claw)
Wands
 r - a wand of iceblast (3)
Scrolls
 q - 2 scrolls of fear
Potions
 b - a potion of magic
 j - a potion of curing {unknown}
 k - a potion of mutation
 l - a potion of resistance {unknown}
 m - 4 potions of brilliance
 n - a potion of haste {unknown}
 o - a potion of flight


   Skills:
 * Level 2.4 Fighting
 + Level 0.3 Short Blades
 + Level 0.1 Maces & Flails
 + Level 2.2 Dodging
 + Level 2.1 Stealth
 * Level 3.6 Spellcasting
 * Level 1.4 Conjurations
 + Level 2.1 Transmutations
 * Level 1.3 Air Magic
 + Level 3.7 Poison Magic
 + Level 0.2 Evocations


You had 8 spell levels left.
You knew the following spells:

 Your Spells              Type           Power      Damage    Failure   Level
a - Sting                 Tmut/Pois      68%        1d6       3%          1
b - Mephitic Cloud        Conj/Pois/Air  14%        N/A       13%         3

Your spell library contained the following spells:

 Spells                   Type           Power      Damage    Failure   Level
 Poisonous Vapours        Pois/Air       30%        N/A       6%          2
 Olgreb's Toxic Radiance  Pois           21%        N/A       24%         4


Dungeon Overview and Level Annotations

Branches:
Dungeon (5/15)             Temple (1/1) D:4

Altars:
Ashenzari
Cheibriados
Dithmenos
Fedhas
Gozag
Hepliaklqana
Kikubaaqudgha
Qazlal
Ru
Trog
Uskayaw
Vehumet
Wu Jian
Xom
Yredelemnul

Shops:
D:4 (

Annotations:
D:3 2 runed translucent doors, Nabski's ghost, amateur TeFE


Innate Abilities, Weirdness & Mutations

You have sharp fingernails.
You are partially covered in rugged brown scales. (AC +1, +3% HP)
Your muscles are strong. (Str +4, Int/Dex -1)
You are vulnerable to cold. (rC-)


Message History

The orc hits you from afar with a +0 trident.
The iguana closely misses you.
You hit the orc priest.
The orc priest is almost dead.
Your +0 spectral dagger barely misses the orc priest.
The orc priest hits you with a +0 short sword.
The iguana bites you!
The orc throws a boomerang.
The boomerang misses you.
You hit the orc priest.
You kill the orc priest!
The orc throws a boomerang.
The boomerang hits you but does no damage.
The iguana misses you.
The orc throws a boomerang.
The boomerang hits you. The iguana barely misses you.
You climb upwards.
There is a stone staircase leading down here.
You hit the iguana but do no damage.
The iguana is heavily wounded.
The iguana misses you.
You hit the iguana.
The iguana is heavily wounded.
The iguana bites you!
You hit the iguana but do no damage.
The iguana is heavily wounded.
The iguana bites you but does no damage.
You barely miss the iguana.
The iguana is heavily wounded.
The iguana barely misses you.
You closely miss the iguana.
The iguana is heavily wounded.
The iguana bites you!
* * * LOW HITPOINT WARNING * * *
You hit the iguana but do no damage.
The iguana is heavily wounded.
The iguana bites you.
* * * LOW HITPOINT WARNING * * *
It was a potion of mutation.
You feel extremely strange.
You feel stronger.
You feel vulnerable to cold. The iguana bites you.
You die...

###.###########...#
#.# ##### ### #.# #..
#.# #.# #.# #.# #.#
#.# #.# #.#
#.######## #.#
#..l@....##########.#
########............#
##############


You could see an iguana.

Vanquished Creatures
  Sigmund (D:2)
  An orc priest (D:5)
  An orc wizard (D:5)
  2 adders
  A shadow imp (D:4)
  2 white imps (D:4)
  4 dart slugs
  7 orcs
  4 ball pythons
  8 endoplasms
  3 giant cockroaches
  5 hobgoblins
  5 jackals
  3 quokkas (D:1)
  4 bats
  4 frilled lizards (D:1)
  7 goblins
  3 kobolds
  4 rats
69 creatures vanquished.

Vanquished Creatures (others)
  7 demonic plants (D:4)
7 creatures vanquished.

Grand Total: 76 creatures vanquished

Notes
Turn   | Place    | Note
-------+----------+-------------------------------------------
     0 | D:1      | jtron the Demonspawn Venom Mage began the quest for the
                  | Orb.
     0 | D:1      | Reached XP level 1. HP: 13/13 MP: 3/3
   107 | D:1      | Reached skill level 1 in Transmutations
   244 | D:1      | Gained mutation: You have sharp fingernails. [demonic
                  | ancestry]
   244 | D:1      | Reached XP level 2. HP: 18/19 MP: 0/5
   646 | D:1      | Gained mutation: You are partially covered in rugged brown
                  | scales. (AC +1, +3% HP) [demonic ancestry]
   646 | D:1      | Reached XP level 3. HP: 15/25 MP: 1/6
   699 | D:1      | Learned a level 3 spell: Mephitic Cloud
  1014 | D:2      | Noticed Sigmund
  1061 | D:2      | Found a faded altar of an unknown god.
  1203 | D:2      | Killed Sigmund
  1204 | D:2      | Reached skill level 1 in Fighting
  1204 | D:2      | Reached skill level 1 in Conjurations
  1204 | D:2      | Reached skill level 1 in Air Magic
  1204 | D:2      | Reached XP level 4. HP: 9/32 MP: 2/9
  1204 | D:2      | Reached XP level 5. HP: 10/38 MP: 2/10
  1765 | D:2      | Found a shadowy altar of Dithmenos.
  2062 | D:3      | Found a runed translucent door.
  2111 | D:3      | Found a sacrificial altar of Ru.
  2189 | D:3      | Found a runed translucent door.
  2194 | D:3      | Noticed Nabski's ghost (amateur TeFE)
  2853 | D:4      | Found a staircase to the Ecumenical Temple.
  2867 | Temple   | Entered the Ecumenical Temple
  3182 | Temple   | Became a worshipper of Hepliaklqana the Forgotten
  3765 | D:4      | Found Iboyde Ucli's Antique Weapon Boutique.
  4095 | D:4      | Reached XP level 6. HP: 38/45 MP: 9/11
  4190 | D:5      | Entered Level 5 of the Dungeon
  4487 | D:4      | HP: 2/47 [iguana (5)]
  4488 | D:4      | Gained mutation: Your muscles are strong. (Str +4, Int/Dex
                  | -1) [potion of mutation]
  4488 | D:4      | Gained mutation: You are vulnerable to cold. (rC-) [potion
                  | of mutation]
  4488 | D:4      | Slain by an iguana

Illustrated notes

Levels and vault maps discovered:
D:1:      dpeg_arrival_chambers_temple_mockup, layout_rooms
D:2:      layout_loops_ring, basic_altar,
          hellmonk_ecumenical_altar_slurped_away, uniq_sigmund
D:3:      layout_loops_corners, hangedman_ru_absence, ebering_ghost_sewer_f
D:4:      layout_loops_ring, kennysheep_mini,
          minmay_temple_entry_statues_fountains, serial_shops,
          nicolae_shop_hallway_plus, serial_demonic, serial_demonic_f,
          serial_demonic_a, serial_demonic_a, serial_demonic_g, serial_demonic_g
D:5:      cheibrodos_fzero, layout_basic, okawaru_metal_pillars_1_2
Temple:   minmay_temple_bridge_d

Skill      XL: |  1  2  3  4  5  6 |
---------------+-------------------+-----
Transmutations | 1 2 |  2.1
Fighting       | 1 2 |  2.4
Dodging        | 2 |  2.2
Stealth        | 2 |  2.1
Spellcasting   | 3 |  3.6
Conjurations   | 1 |  1.4
Air Magic      | 1 |  1.3
Short Blades   | |  0.3
Maces & Flails | |  0.1
Poison Magic   | |  3.7
Evocations     | |  0.2

Action                     |  1- 3 |  4- 6 || total
---------------------------+-------+-------++-------
  Melee: Unarmed           |    16 |       ||    16
         Dagger            |    32 |   140 ||   172
         Club              |     7 |       ||     7
  Throw: Stone             |     7 |       ||     7
   Cast: Sting             |    37 |    17 ||    54
  Evoke: Wand              |       |     3 ||     3
    Use: Scroll            |       |     9 ||     9
         Potion            |       |     1 ||     1
   Stab: Sleeping          |     1 |     4 ||     5
         Distracted        |       |     1 ||     1
 Armour: Robe              |    17 |    40 ||    57
  Dodge: Dodged            |    43 |    85 ||   128

Table legend: (Time is in decaauts)
 A = Elapsed time spent in this place.
 B = Non-inter-level travel time spent in this place.
 C = Inter-level travel time spent in this place.
 D = Time resting spent in this place.
 E = Time spent auto-exploring this place.
 F = Levels seen in this place.
 G = Mean time per level.
                   A        B        C        D        E       F      G
               +--------+--------+--------+--------+--------+-----+--------+
         Total |   4492 |   4092 |    400 |    490 |   2795 |   6 |  748.7 |
       Dungeon |   4103 |   3850 |    253 |    490 |   2565 |   5 |  820.6 |
        Temple |    388 |    241 |    147 |      0 |    230 |   1 |  388.0 |
               +--------+--------+--------+--------+--------+-----+--------+

Top non-repeatable levels by time:
     D:4: 1220 daAuts
     D:3: 955 daAuts
     D:2: 912 daAuts
     D:1: 911 daAuts
  Temple: 388 daAuts
     D:5: 103 daAuts
